 Dungeon Crawl Stone Soup version 0.25-a0-1136-gc1285e62ab (webtiles) character file.

Game seed: 1898655380140257097, levelgen mode: deterministic

32 Masnef the Twirler (level 3, -1/33 HPs)
             Began as an Ogre Wanderer on May 23, 2020.
             Slain by a bullfrog (4 damage)
             ... on level 2 of the Dungeon.
             The game lasted 00:01:08 (799 turns).

Masnef the Twirler (Ogre Wanderer)                   Turns: 799, Time: 00:01:08

Health: -1/33      AC:  3    Str: 18    XL:     3   Next: 25%
Magic:  3/3        EV: 10    Int: 12    God:
Gold:   55         SH:  0    Dex:  8    Spells: 2/2 levels left

rFire    . . .     SeeInvis .   c - +0 quarterstaff
rCold    . . .     Gourm    .   (shield currently unavailable)
rNeg     . . .     Faith    .   e - +0 robe
rPois    .         Spirit   .   (helmet restricted)
rElec    .         Reflect  .   (no cloak)
rCorr    .         Harm     .   (gloves unavailable)
MR       .....                  (boots unavailable)
Stlth    ++........             (no amulet)
HPRegen  0.11/turn              (no ring)
MPRegen  0.08/turn              (no ring)

@: no status effects
A: large, unfitting armour, tough skin 1
a: no special abilities


You were on level 2 of the Dungeon.
You were not hungry.

You visited 1 branch of the dungeon, and saw 2 of its levels.

You collected 55 gold pieces.

Inventory:

Hand Weapons
 a - a +2 dagger
 c - a +0 quarterstaff (weapon)
Armour
 e - a +0 robe (worn)
Jewellery
 i - an uncursed ring of resist corrosion {unknown}
Scrolls
 j - 2 scrolls of identify {unknown}
Potions
 b - a potion of berserk rage
 d - a potion of curing
 g - a potion of stabbing {unknown}
Comestibles
 f - 3 rations
 h - 8 chunks of flesh


   Skills:
 - Level 1.3 Fighting
 + Level 4.3 Staves
 - Level 1.7 Dodging
 - Level 2.1 Stealth
   Level 1.0 Shields


You had 2 spell levels left.
You didn't know any spells.
Your spell library was empty.

Dungeon Overview and Level Annotations

Branches:
Dungeon (1/15)

Altars:


Innate Abilities, Weirdness & Mutations

You are too large for most types of armour.
You have tough skin. (AC +1)


Message History

You are too injured to fight recklessly!
You are too injured to fight recklessly!
You are too injured to fight recklessly!
You are too injured to fight recklessly!
You are too injured to fight recklessly!
You are too injured to fight recklessly!
You are too injured to fight recklessly!
You are too injured to fight recklessly!
You are too injured to fight recklessly!
You are too injured to fight recklessly!
Unknown command.
You barely miss the bullfrog.
The bullfrog is lightly wounded.
The bat closely misses you. The bullfrog hits you!
* * * LOW HITPOINT WARNING * * *
You barely miss the bullfrog.
The bullfrog is lightly wounded.
The bat hits you but does no damage. The bullfrog closely misses you.
The bullfrog hits you.
You die...

#.# #.#.#### #.#
#......## #.#
##.......## #.#
#.........# ##.##
#.........#
.#..#####....(....#
........#.........#
........#.........#
..............(.@.#
..............b.F.#
........#.......K.#
.รท......#.........#
........#.......r.#
.................##
..#......##..?...#
.........###(.##.#
#......(..


You could see a bullfrog, a bat, a kobold and a rat.

Vanquished Creatures
  4 dart slugs (D:2)
  2 goblins
  A hobgoblin (D:1)
  6 jackals
  2 kobolds (D:2)
  2 quokkas (D:2)
  A bat (D:1)
  A frilled lizard (D:1)
  3 rats
22 creatures vanquished.

Notes
Turn   | Place    | Note
-------+----------+-------------------------------------------
     0 | D:1      | Masnef the Ogre Wanderer began the quest for the Orb.
     0 | D:1      | Masnef set off with the following items: a +2 dagger, a
                  | potion of berserk rage, a +0 quarterstaff, a potion of
                  | curing, a +0 robe, a ration
     0 | D:1      | Reached XP level 1. HP: 19/19 MP: 1/1
   245 | D:1      | Reached XP level 2. HP: 9/27 MP: 2/2
   542 | D:1      | You fall into a shaft and drop 1 floor!
   594 | D:2      | Reached skill level 4 in Staves
   600 | D:2      | Reached XP level 3. HP: 28/33 MP: 3/3
   690 | D:2      | Noticed a bullfrog
   799 | D:2      | Slain by a bullfrog

Illustrated notes

Levels and vault maps discovered:
D:1:      shiori_arrival_elements, layout_basic, nrook_loot_triangle
D:2:      layout_rooms, marbit_many_paths, first_ration

Skill      XL: |  1  2 |
---------------+-------+-----
Staves         | 4 |  4.3
Fighting       | |  1.3
Dodging        | |  1.7
Stealth        | |  2.1
Shields        | |  1.0

Action                   || total
-------------------------++-------
Melee: Quarterstaff      ||    69
 Stab: Sleeping          ||     1
Armor: Robe              ||    28
Dodge: Dodged            ||    58

Table legend:
 A = Non-vault XP
 B = Vault XP
 C = Vault XP percentage of total XP
 D = Non-vault monster count
 E = Vault monster count
 F = Vault count percentage of total count
                 A         B        C        D         E       F
            +---------+---------+-------+---------+---------+-------
      Total |      46 |       0 |   0.0 |      22 |       0 |   0.0
            +---------+---------+-------+---------+---------+-------
        D:1 |      14 |       0 |   0.0 |       9 |       0 |   0.0
        D:2 |      32 |       0 |   0.0 |      13 |       0 |   0.0
            +---------+---------+-------+---------+---------+-------
